 Dungeon Crawl Stone Soup version 0.21-a0-538-gd16b88a (webtiles) character file.

32 polly the Skirmisher (level 3, -8/29 HPs)
             Began as a Demonspawn Berserker on Dec 16, 2017.
             Was a Believer of Trog.
             Killed from afar by an orc wizard (13 damage)
             ... with a puff of flame
             ... on level 2 of the Dungeon.
             The game lasted 00:01:05 (790 turns).

polly the Skirmisher (Demonspawn Berserker)          Turns: 790, Time: 00:01:06

Health: -8/29      AC:  9    Str: 18    XL:     3   Next: 10%
Magic:  3/3        EV:  8    Int:  8    God:    Trog [**....]
Gold:   49         SH:  0    Dex: 12    Spells: 2/2 levels left

rFire    . . .     SeeInvis .   a - +0 hand axe
rCold    . . .     Gourm    .   (no shield)
rNeg     . . .     Faith    .   j - +0 chain mail
rPois    .         Spirit   .   (helmet restricted)
rElec    .         Reflect  .   (no cloak)
rCorr    .         Harm     .   m - +0 pair of gloves
MR       .....                  (no boots)
Stlth    ..........             (no amulet)
HPRegen  0.09/turn              (no ring)
MPRegen  0.08/turn              (no ring)

@: no status effects
A: antennae 1, powered by death 1
a: Berserk, Trog's Hand, Burn Spellbooks, Renounce Religion


You were on level 2 of the Dungeon.
You worshipped Trog.
Trog was pleased with you.
You were not hungry.

You visited 1 branch of the dungeon, and saw 2 of its levels.

You collected 49 gold pieces.

Inventory:

Hand Weapons
 a - a +0 hand axe (weapon)
Armour
 j - a +0 chain mail (worn)
 m - a +0 pair of gloves (worn)
Scrolls
 b - a scroll of teleportation {unknown}
 d - 2 scrolls of identify {unknown}
 g - a scroll of blinking {unknown}
 k - a scroll of amnesia {unknown}
 l - a scroll of remove curse {unknown}
Potions
 e - 2 potions of resistance {unknown}
 f - a potion of magic {unknown}
 h - a potion of might {unknown}
 i - a potion of heal wounds {unknown}
Comestibles
 c - a bread ration


   Skills:
 + Level 3.4 Fighting
 + Level 3.1 Axes
 + Level 1.9 Armour
 + Level 2.2 Dodging
 + Level 0.3 Stealth


You had 2 spell levels left.
You didn't know any spells.

Dungeon Overview and Level Annotations

Branches:
Dungeon (2/15)

Altars:


Innate Abilities, Weirdness & Mutations

You have a pair of small antennae on your head.
You regenerate a little health from kills.


Message History

The orc wizard seems to speed up.
The orc priest hits you but does no damage.
The orc hits you but does no damage.
You hit the orc priest but do no damage.
The orc priest is moderately wounded.
You miss the orc wizard.
The orc wizard gestures at you while chanting.
The puff of frost hits you!
* * * LOW HITPOINT WARNING * * *
The orc wizard hits you but does no damage.
The orc priest barely misses you. The orc barely misses you.
You hit the orc priest but do no damage.
The orc priest is moderately wounded.
Your chain mail prevents you from hitting the orc wizard.
The orc wizard hits you with a dagger.
* * * LOW HITPOINT WARNING * * *
The orc priest hits you but does no damage.
The orc wizard points at you and mumbles some strange words.
The puff of flame hits you!
You die...

###.......(...#
...........#.###$⌠$##
#...........##.....##
#...........#.......#
#...........#.......#
#...........#.......#
###<..........#.......#
.......†....#.#)o.o...#
..#..†......#.#.@o....#
...........)..#.......#
..#.....................
###<.........#.##.......
#..........#..#...####
...........##.#..##
..#..............##
..)........##.#..##
..##### .#....


You could see an orc priest, an orc wizard and an orc.

Vanquished Creatures
  An adder skeleton (D:2)
  A dart slug (D:1)
  2 orcs (D:2)
  A giant cockroach (D:1)
  5 goblins
  4 hobgoblins (D:1)
  5 bats
  2 frilled lizards (D:1)
  2 kobolds
  3 rats (D:1)
26 creatures vanquished.

Notes
Turn   | Place    | Note
-------+----------+-------------------------------------------
     0 | D:1      | polly the Demonspawn Berserker began the quest for the Orb.
     0 | D:1      | Reached XP level 1. HP: 18/18 MP: 1/1
   257 | D:1      | Gained mutation: You regenerate a little health from kills. [demonic ancestry]
   257 | D:1      | Reached XP level 2. HP: 18/24 MP: 2/2
   607 | D:1      | Reached ** piety under Trog
   771 | D:2      | Gained mutation: You have a pair of small antennae on your head. [demonic ancestry]
   771 | D:2      | Reached XP level 3. HP: 29/29 MP: 3/3
   790 | D:2      | Killed from afar by an orc wizard

Vault maps used:
D:1:      roderic_crossed_star
D:2:      cheibrodos_pilgrimage

Skill      XL: |  1  2 |
---------------+-------+-----
Dodging        | 2 |  2.2
Axes           | 3 |  3.1
Fighting       | |  3.4
Armour         | |  1.9
Stealth        | |  0.3

Action                   || total
-------------------------++-------
Melee: Hand axe          ||    85
Armor: Animal skin       ||     6
       Chain mail        ||    26
Dodge: Dodged            ||    56

Table legend:
 A = Spawn XP
 B = Non-spawn XP
 C = Spawn XP percentage of total XP
 D = Spawn monster count
 E = Non-spawn monster count
 F = Spawn count percentage of total count
 G = Total turns spent on level
                    A         B        C        D         E        F      G
               +---------+---------+-------+---------+---------+-------+---------
         Total |       0 |      47 |   0.0 |       0 |      26 |   0.0 |   790
               +---------+---------+-------+---------+---------+-------+---------
           D:1 |       0 |      33 |   0.0 |       0 |      20 |   0.0 |   729
           D:2 |       0 |      14 |   0.0 |       0 |       6 |   0.0 |    61
               +---------+---------+-------+---------+---------+-------+---------
